 Dungeon Crawl Stone Soup version 0.27-a0-448-gace5c5693b (webtiles) character file.

Game seed: 6662839384123485631

14472 tatocazan the Grappler (level 11, -1/109 HPs)
             Began as a Troll Hunter on Feb 27, 2021.
             Was a High Priest of Okawaru.
             Slain by an orc knight
             ... wielding a +0 great sword
              (5 damage)
             ... while paralysed
             ... on level 1 of the Orcish Mines.
             The game lasted 00:12:08 (8856 turns).

tatocazan the Grappler (Troll Hunter)               Turns: 8856, Time: 00:12:09

Health: -1/109     AC: 14    Str: 28      XL:     11   Next: 89%
Magic:  14/14      EV:  1    Int:  3 (4)  God:    Okawaru [*****.]
Gold:   567        SH:  0    Dex: 11      Spells: 10/10 levels left

rFire    . . .     SeeInvis .     - Unarmed
rCold    . . .     Faith    .   (no shield)
rNeg     + . .     Spirit   .   T - +2 swamp dragon scales "Satuu" {rPois Will+ Str+4 Int-3}
rPois    +         Reflect  .   x - +2 hat
rElec    .         Harm     .   b - scarf {+Inv}
rCorr    .         Rampage  .   (gloves unavailable)
Will     +....                  (boots unavailable)
Stlth    +.........             H - amulet of the acrobat
HPRegen  1.28/turn              i - +4 ring of slaying
MPRegen  0.14/turn              z - ring of positive energy

@: paralysed, berserk cooldown, slowed
A: large, unfitting armour, claws 3, regeneration 1, shaggy fur 1, tough skin 1
a: Renounce Religion, Evoke Invisibility, Heroism, Finesse


You were on level 1 of the Orcish Mines.
You worshipped Okawaru.
Okawaru was extremely pleased with you.
You visited 3 branches of the dungeon, and saw 13 of its levels.

You collected 1139 gold pieces.
You spent 572 gold pieces at shops.

Inventory:

Hand Weapons
 B - a +6 trident
Missiles
 c - 5 large rocks (quivered)
 d - 5 throwing nets
 P - 2 atropa-tipped darts
Armour
 b - a scarf of invisibility (worn)
 x - a +2 hat (worn)
 A - a +0 cloak
 T - the +2 swamp dragon scales "Satuu" (worn) {rPois Will+ Str+4 Int-3}
   (Okawaru gifted it to you on level 1 of the Orcish Mines)

   It affects your strength (+4).
   It affects your intelligence (-3).
   It protects you from poison.
   It affects your willpower, your defense against some magical effects.
Jewellery
 i - a +4 ring of slaying (left claw)
 z - a ring of positive energy (right claw)
 E - an amulet of magic regeneration
 F - a ring of willpower
 H - an amulet of the acrobat (around neck)
 N - a ring of protection from cold
Wands
 o - a wand of paralysis (16)
 r - a wand of charming (9)
 s - a wand of digging (5)
 C - a wand of random effects (30)
 D - a wand of polymorph (10)
 G - a wand of iceblast (16)
 K - a wand of mindburst (8)
Scrolls
 a - a scroll of blinking
 f - 8 scrolls of teleportation
 h - 2 scrolls of immolation {unknown}
 j - 3 scrolls of magic mapping
 m - 3 scrolls of amnesia {unknown}
 n - 7 scrolls of identify {unknown}
 p - 3 scrolls of fog {unknown}
 q - 2 scrolls of fear
 t - 2 scrolls of enchant armour {unknown}
 w - 5 scrolls of random uselessness {unknown}
 y - a scroll of enchant weapon {unknown}
 I - a scroll of teleportation
 Q - a scroll of acquirement {unknown}
 R - a scroll of magic mapping
 S - a scroll of fear
Potions
 e - 3 potions of curing
 g - a potion of attraction {unknown}
 k - 2 potions of cancellation
 l - 3 potions of might {unknown}
 u - a potion of berserk rage
 v - 2 potions of degeneration {unknown}
 J - a potion of invisibility {unknown}
 L - a potion of flight {unknown}
 O - a potion of ambrosia {unknown}


   Skills:
 + Level 7.5 Fighting
 - Level 3.6 Throwing
 + Level 4.8 Armour
 + Level 7.5 Dodging
 - Level 0.3 Stealth
 * Level 12.1 Unarmed Combat
 + Level 5.7 Invocations


You had 10 spell levels left.
You didn't know any spells.
Your spell library contained the following spells:

 Spells                   Type           Power        Failure   Level
 Corona                   Hex            0%           65%         1
 Slow                     Hex            0%           78%         2
 Inner Flame              Hex/Fire       0%           95%         3
 Portal Projectile        Hex/Tloc       0%           95%         3
 Cause Fear               Hex            0%           100%        4
 Leda's Liquefaction      Hex/Erth       0%           100%        4


Dungeon Overview and Level Annotations

Branches:
Dungeon (11/15)            Temple (1/1) D:5            Lair (0/6) D:9
    Orc (1/2) D:11

Altars:
Ashenzari
Cheibriados
Dithmenos
Elyvilon
Fedhas
Gozag
Hepliaklqana
Kikubaaqudgha
Makhleb
Nemelex Xobeh
Okawaru
Qazlal
Ru
Sif Muna
Trog
Uskayaw
Vehumet
Wu Jian
Xom
Yredelemnul
Zin
The Shining One

Shops:
D:5 *   D:6 (   D:8 =?[[:   Orc:1 [(?*


Innate Abilities, Weirdness & Mutations

You are too large for most types of armour.
You have claws for hands.
Your natural rate of healing is unusually fast.
You are covered in fur. (AC +1)
You have tough skin. (AC +1)


Message History

The orc sorcerer is heavily wounded.
The orc hits you. The chaos spawn closely misses you.
The ice devil barely misses you.
You take 2 damage, and have 52/163 hp.
You mangle the orc sorcerer!!
You kill the orc sorcerer!
Okawaru is honoured by your kill.
The chaos spawn degenerates into a cloud of primal chaos!
The orange demon disappears in a puff of smoke!
The ice devil disappears in a puff of smoke!
You are no longer berserk.
You pass out from exhaustion.
You feel as though you will be slow longer.
The orc no longer looks unusually strong.
The orc hits you.
* * * LOW HITPOINT WARNING * * *
The orc hits you but does no damage.
The orc knight roars a battlecry!
The orcs go into a battle-frenzy!
The orc hits you but does no damage. The orc hits you but does no damage. x3
The orc knight hits you with a +0 great sword!
* * * LOW HITPOINT WARNING * * *
The orc hits you with a +0 whip!
* * * LOW HITPOINT WARNING * * *
The orc no longer looks unusually strong.
The orc hits you but does no damage. x2; The orc hits you with a +0 whip.
* * * LOW HITPOINT WARNING * * *
The orc hits you but does no damage.
The orc no longer looks unusually strong.
The orc knight roars a battlecry!
The orcs go into a battle-frenzy!
The orc is engulfed in seething chaos.
The orc hits you.
* * * LOW HITPOINT WARNING * * *
The orc hits you but does no damage. The orc hits you with a +0 whip.
* * * LOW HITPOINT WARNING * * *
The orc hits you but does no damage. The orc hits you with a +0 whip.
* * * LOW HITPOINT WARNING * * *
The orc knight hits you with a +0 great sword.
You die...

.... ##.#......# #
.... ## #
#........###..
..##.##.##..8.8.8..
......## #...⌠.⌠...
......#####.8.∩.8..
..#....#.#...⌠.⌠...
......#.)...8.8.8..
......ooo).........
......o@o........$.
........o.....#....
...................
..#................
# #.^........$...
#...............
#..............#
#...........$..


You could see an orc knight and 5 orcs.

Vanquished Creatures
  Harold (D:10)
  3 two-headed ogres
  An orc high priest (Orc:1)
  Pikel (D:8)
  An ugly thing (D:11)
  3 orc sorcerers (Orc:1)
  A manticore (D:11)
  Joseph (D:10)
  Maggie (D:8)
  A kobold demonologist (Orc:1)
  A troll (Orc:1)
  A hornet (D:11)
  Prince Ribbit (D:8)
  10 yaks (D:11)
  A wraith (D:10)
  A warg (Orc:1)
  3 ice beasts
  2 sky beasts
  4 orc warriors
  4 ogres
  A centaur (D:10)
  3 phantoms
  A lemure (D:8)
  20 kobold brigands
  6 bullfrogs
  A wyvern skeleton (D:7)
  4 scorpions
  16 wights
  2 centaur zombies
  A quasit (D:10)
  5 orc priests
  A jelly (D:5)
  5 centaur skeletons
  A bullfrog skeleton (D:11)
  A gnoll shaman (D:10)
  7 hounds
  9 worker ants
  4 iguanas
  7 orc wizards
  A killer bee zombie (D:5)
  A hound skeleton (D:8)
  A worker ant zombie (D:5)
  6 gnolls
  10 adders
  A shadow imp (D:5)
  2 white imps
  An ooze (D:2)
  2 adder skeletons
  An adder zombie (D:10)
  3 worms
  A dart slug (D:2)
  5 leopard geckos
  33 orcs
  A bat skeleton (D:2)
  2 bat zombies (D:2)
  4 giant cockroaches
  7 goblins
  8 hobgoblins
  4 jackals (D:9)
  4 quokkas
  18 bats
  6 frilled lizards
  A giant cockroach zombie (D:2)
  33 kobolds
  A quokka skeleton (D:5)
  2 quokka zombies
  6 rats
302 creatures vanquished.

Vanquished Creatures (others)
  2 orcs (Orc:1)
2 creatures vanquished.

Grand Total: 304 creatures vanquished

Notes
Turn   | Place    | Note
-------+----------+-------------------------------------------
     0 | D:1      | tatocazan the Troll Hunter began the quest for the Orb.
     0 | D:1      | Reached XP level 1. HP: 19/19 MP: 0/0
   205 | D:1      | Reached skill level 1 in Unarmed Combat
   291 | D:1      | Reached XP level 2. HP: 28/28 MP: 1/1
   758 | D:2      | Reached skill level 2 in Unarmed Combat
   758 | D:2      | Reached XP level 3. HP: 11/35 MP: 2/2
   896 | D:2      | Reached XP level 4. HP: 39/42 MP: 3/3
  1208 | D:2      | Reached skill level 3 in Unarmed Combat
  1539 | D:3      | Reached XP level 5. HP: 50/50 MP: 4/4
  1603 | D:3      | You fall into a shaft and drop 1 floor!
  2432 | D:5      | Entered Level 5 of the Dungeon
  2435 | D:5      | Found a staircase to the Ecumenical Temple.
  2449 | Temple   | Entered the Ecumenical Temple
  2603 | D:5      | Reached skill level 4 in Unarmed Combat
  2603 | D:5      | Reached XP level 6. HP: 50/59 MP: 5/5
  2855 | D:5      | Found Viabredi's General Store.
  2865 | D:5      | Bought a +2 hat for 192 gold pieces
  3359 | D:6      | Reached skill level 5 in Unarmed Combat
  3359 | D:6      | Reached XP level 7. HP: 58/67 MP: 6/6
  3825 | D:6      | Found Luoq's Weapon Emporium.
  3975 | D:6      | Reached skill level 6 in Unarmed Combat
  4249 | D:7      | Reached XP level 8. HP: 78/78 MP: 7/7
  4254 | D:7      | Found a blossoming altar of Fedhas.
  4548 | D:7      | Reached skill level 7 in Unarmed Combat
  4672 | D:7      | Found an iron altar of Okawaru.
  4828 | D:7      | Became a worshipper of Warmaster Okawaru
  4857 | D:8      | Found Gener's Armour Emporium.
  4955 | D:8      | Found Ludewaf's Jewellery Boutique.
  4980 | D:8      | Reached skill level 5 in Fighting
  4980 | D:8      | Reached skill level 8 in Unarmed Combat
  4982 | D:8      | Reached * piety under Okawaru
  4983 | D:8      | Reached skill level 5 in Dodging
  5001 | D:8      | Reached XP level 9. HP: 73/88 MP: 8/8
  5116 | D:8      | Found a sparkling altar of Nemelex Xobeh.
  5212 | D:8      | Found Meniufro's Magic Scroll Emporium.
  5216 | D:8      | Noticed Prince Ribbit
  5216 | D:8      | Noticed Pikel
  5236 | D:8      | Killed Pikel
  5237 | D:8      | Reached skill level 1 in Invocations
  5249 | D:8      | Killed Prince Ribbit
  5249 | D:8      | Reached ** piety under Okawaru
  5390 | D:8      | Bought a scroll of blinking for 97 gold pieces
  5390 | D:8      | Bought a scroll of teleportation for 39 gold pieces
  5420 | D:8      | Found Adodil's Armour Shop.
  5420 | D:8      | Noticed Maggie
  5424 | D:8      | Killed Maggie
  5425 | D:8      | Reached skill level 9 in Unarmed Combat
  5492 | D:8      | Noticed a two-headed ogre
  5499 | D:8      | Killed a two-headed ogre
  5500 | D:8      | Reached skill level 1 in Armour
  5577 | D:8      | Found Kyxtompu's Book Shop.
  5866 | D:9      | Reached *** piety under Okawaru
  5906 | D:9      | Reached XP level 10. HP: 97/98 MP: 11/11
  6001 | D:9      | Found a sparkling altar of Nemelex Xobeh.
  6042 | D:9      | Found a staircase to the Lair.
  6333 | D:10     | Entered Level 10 of the Dungeon
  6338 | D:10     | Received a gift from Okawaru
  6424 | D:10     | Noticed Harold
  6432 | D:10     | Killed Harold
  6433 | D:10     | Reached skill level 10 in Unarmed Combat
  6640 | D:10     | Noticed Joseph
  6655 | D:10     | Killed Joseph
  6677 | D:10     | Reached **** piety under Okawaru
  7278 | D:11     | Noticed a purple ugly thing
  7285 | D:11     | Reached skill level 11 in Unarmed Combat
  7285 | D:11     | Reached XP level 11. HP: 107/107 MP: 13/13
  7289 | D:11     | Killed a purple ugly thing
  7336 | D:11     | Reached ***** piety under Okawaru
  7689 | D:11     | Found a staircase to the Orcish Mines.
  7690 | D:11     | Noticed a two-headed ogre
  7698 | D:11     | Killed a two-headed ogre
  7861 | D:11     | Noticed a two-headed ogre
  7865 | D:11     | Killed a two-headed ogre
  7866 | D:11     | Reached skill level 5 in Invocations
  8029 | Orc:1    | Entered Level 1 of the Orcish Mines
  8029 | Orc:1    | Found Woemeul's Assorted Antiques.
  8032 | Orc:1    | Noticed an orc sorcerer
  8035 | Orc:1    | Noticed a sixfirhy
  8041 | Orc:1    | Noticed a soul eater
  8319 | Orc:1    | Killed an orc sorcerer
  8399 | Orc:1    | Found Saeddiac's Magic Scroll Emporium.
  8438 | Orc:1    | Bought a scroll of magic mapping for 56 gold pieces
  8438 | Orc:1    | Bought a scroll of fear for 56 gold pieces
  8442 | Orc:1    | Noticed an orc sorcerer
  8444 | Orc:1    | Paralysed by an orc sorcerer for 5 turns
  8457 | Orc:1    | Killed an orc sorcerer
  8632 | Orc:1    | Identified the +2 swamp dragon scales "Satuu" {rPois Will+
                  | Str+4 Int-3} (Okawaru gifted it to you on level 1 of the
                  | Orcish Mines)
  8632 | Orc:1    | Received a gift from Okawaru
  8699 | Orc:1    | Found Jugaytump's Armour Shop.
  8707 | Orc:1    | Bought a scarf of invisibility for 132 gold pieces
  8817 | Orc:1    | Found Degirum's Antique Weapon Shop.
  8826 | Orc:1    | Noticed an orc sorcerer
  8827 | Orc:1    | Noticed an orc high priest
  8831 | Orc:1    | Noticed an orc knight
  8843 | Orc:1    | Killed an orc high priest
  8844 | Orc:1    | Reached skill level 12 in Unarmed Combat
  8852 | Orc:1    | Killed an orc sorcerer
  8855 | Orc:1    | HP: 2/109 [orc/+0 whip[an orc high priest] (6)]
  8856 | Orc:1    | Slain by an orc knight

Illustrated notes

Levels and vault maps discovered:
D:1:      minmay_arrival_diagonal_passages, layout_loops_ring,
          grunt_decor_one_mirror, roderic_lattice_a, st_stairs_2
D:2:      layout_loops_ring, serial_undead, serial_undead_e, serial_undead_a,
          serial_undead_b, serial_undead_b, minmay_randomly_rotated_circles
D:3:      layout_rooms, minmay_strange_pillars
D:4:      layout_basic, serial_corexii_hall, corexii_hall_statues_x,
          corexii_hall_statues_x, corexii_hall_statues_s,
          chequers_hall_statues_corner_a
D:5:      layout_basic, minmay_temple_entry_mini_moons, serial_shops, shop
D:6:      layout_gridville, serial_shops, nicolae_shop_window_shopping,
          kennysheep_potato
D:7:      layout_loops_ring, okawaru_altar_gauntlet_db, fedhas_altar_2
D:8:      layout_basic, serial_shops, shop, shop, shop, nicolae_shop_crystal,
          shop_scrolls, basic_altar, grunt_ministairs_14, uniq_prince_ribbit1,
          uniq_pikel, uniq_maggie
D:9:      layout_cave_pools, nemelex_xobeh_ov_fountains_minmay,
          lair_entry_dummy, roderic_batcave
D:10:     layout_loops_ring, uniq_harold, uniq_joseph
D:11:     layout_gridville, orc_0_dummy
Temple:   regret_index_temple_chain_breaker
Orc:1:    layout_caves, special_room [special_room_kobold], serial_shops,
          nicolae_shop_behind_doors,
          nicolae_shop_temple_entry_statues_fountains, nicolae_shop_trees, shop,
          shop

Skill      XL: |  1  2  3  4  5  6  7  8  9 10 11 |
---------------+----------------------------------+-----
Unarmed Combat | 1 2 3 4 5 6 8 9 11 12 | 12.1
Fighting       | 2 3 4 5 6 7 |  7.5
Dodging        | 2 3 4 5 6 7 |  7.5
Invocations    | 2 4 5 |  5.7
Armour         | 1 3 4 |  4.8
Throwing       | |  3.6
Stealth        | |  0.3

Action                   |  1- 3 |  4- 6 |  7- 9 | 10-12 || total
-------------------------+-------+-------+-------+-------++-------
Melee: Unarmed           |    53 |   164 |   198 |   402 ||   817
       Punch             |       |     1 |     5 |    30 ||    36
Throw: Large rock        |       |       |     9 |       ||     9
       Throwing net      |       |       |     2 |       ||     2
Evoke: Wand              |       |       |     1 |       ||     1
  Use: Potion            |       |       |     6 |     2 ||     8
 Stab: Paralysed         |       |       |     3 |       ||     3
       Sleeping          |       |       |       |     1 ||     1
Armor: Robe              |    16 |    46 |    41 |       ||   103
       Steam dragon scal |       |       |     7 |   120 ||   127
       Swamp dragon scal |       |       |       |    25 ||    25
Dodge: Dodged            |    21 |    88 |   120 |   281 ||   510

Table legend: (Time is in decaauts)
 A = Elapsed time spent in this place.
 B = Non-inter-level travel time spent in this place.
 C = Inter-level travel time spent in this place.
 D = Time resting spent in this place.
 E = Time spent auto-exploring this place.
 F = Levels seen in this place.
 G = Mean time per level.
                   A        B        C        D        E       F      G
               +--------+--------+--------+--------+--------+-----+--------+
         Total |   8755 |   8455 |    300 |    624 |   6364 |  13 |  673.5 |
       Dungeon |   8087 |   7799 |    288 |    624 |   5918 |  11 |  735.2 |
        Temple |    138 |    126 |     12 |      0 |    125 |   1 |  138.0 |
  Orcish Mines |    530 |    530 |      0 |      0 |    321 |   1 |  530.0 |
               +--------+--------+--------+--------+--------+-----+--------+

Top non-repeatable levels by time:
    D:11: 1257 daAuts
     D:8: 967 daAuts
     D:4: 827 daAuts
     D:7: 808 daAuts
     D:2: 782 daAuts
     D:5: 754 daAuts
     D:1: 738 daAuts
     D:6: 712 daAuts
    D:10: 674 daAuts
   Orc:1: 530 daAuts
     D:9: 488 daAuts
  Temple: 138 daAuts
     D:3: 75 daAuts
